 Dungeon Crawl Stone Soup version 0.30.1-11-g7821555f0a (webtiles) character file.

Game seed: 14065523802162503576

49 Tokugawa the Stinger (level 3, -1/27 HPs)
             Began as a Draconian Venom Mage on Dec 20, 2023.
             Slain by Grinder (4 damage)
             ... on level 3 of the Dungeon.
             The game lasted 00:05:27 (1122 turns).

Tokugawa the Stinger (Draconian Venom Mage)         Turns: 1122, Time: 00:05:27

Health: -1/27      AC:  5    Str: 14 (16) XL:     3   Next: 51%
Magic:  5/6        EV: 11    Int: 14 (17) God:
Gold:   76         SH:  4    Dex:  9 (11) Spells: 2/6 levels left

rFire   . . .        c - +0 hand axe
rCold   . . .        i - +2 buckler "Tecuapto" {rPois}
rNeg    . . .        (body armour unavailable)
rPois   +            (helmet restricted)
rElec   .            (no cloak)
rCorr   .            (no gloves)
SInv    .            (no boots)
Will    .....        (no amulet)
Stlth   ++           b - +6 ring of strength
HPRegen 0.24/turn    (no ring)
MPRegen 0.10/turn

%: no passive effects
@: no status effects
A: AC +5, unfitting armour, cold-blooded
a: no special abilities


You were on level 3 of the Dungeon.
You visited 1 branch of the dungeon, and saw 3 of its levels.

You collected 76 gold pieces.

Inventory:

Hand Weapons
 c - a +0 hand axe (weapon)
Armour
 i - the +2 buckler "Tecuapto" (worn) {rPois}
   (You found it on level 3 of the Dungeon)

   rPois:     It protects you from poison.
Jewellery
 b - a +6 ring of strength (left hand)
Wands
 g - a wand of flame (4)
Potions
 a - a potion of magic
 d - a potion of attraction
 e - a potion of invisibility
 h - a potion of ambrosia


   Skills:
 * Level 0.5 Fighting
 * Level 0.6 Axes
 * Level 2.0 Dodging
 * Level 1.8 Stealth
 * Level 2.2 Spellcasting
 * Level 0.1 Conjurations
 * Level 0.2 Necromancy
 * Level 1.4 Transmutations
 * Level 0.6 Air Magic
 * Level 3.5 Poison Magic
 * Level 0.1 Evocations


You had 2 spell levels left.
You knew the following spells:

 Your Spells              Type           Power      Damage    Failure   Level
a - Sting                 Tmut/Pois      32%        1d4       12%         1
b - Poisonous Vapours     Pois/Air       14%        N/A       21%         2
c - Kiss of Death         Conj/Necr      8%         2d6       28%         1

Your spell library contained the following spells:

 Spells                   Type           Power      Damage    Failure   Level
 Mephitic Cloud           Conj/Pois/Air  5%         N/A       45%         3
 Olgreb's Toxic Radiance  Pois           11%        N/A       58%         4
 Confusing Touch          Hex            1%         N/A       67%         3
 Dispel Undead            Necr           2%         3d7       95%         4


Dungeon Overview and Level Annotations

Branches:
Dungeon (3/15)

Altars:
Trog

Shops:
D:2 [

Annotations:
D:3 Grinder


Innate Abilities, Weirdness & Mutations

Your plain brown scales are hard. (AC +5)
You cannot fit into any form of body armour.
You are cold-blooded and may be slowed by cold attacks.


Message History

Grinder is lightly wounded.
Grinder hits you.
Unknown command.
Aiming: Throw Flame
Press: ? - help, Shift-Dir - straight line, f/p - Grinder
Aim: Grinder (lightly wounded, 64% to hit)
The puff of flame hits Grinder.
Grinder is lightly wounded.
Grinder gestures at you. You resist with significant effort.
Aiming: Throw Flame
Press: ? - help, Shift-Dir - straight line, f/p - Grinder
Aim: Grinder (lightly wounded, 64% to hit)
The puff of flame hits Grinder.
Grinder is moderately wounded.
Grinder hits you.
You writhe in agony.
Unknown command.
It was a potion of degeneration.
There was something very wrong with that liquid.
You feel weakened.
You feel dopey.
You feel clumsy.
Grinder says, "Just stop there for a second..."
Grinder gestures at you.
You suddenly lose the ability to move!
Grinder hits you. Grinder hits you but does no damage.
You can move again.
You aren't carrying any scrolls.
Unknown command.
Casting: Sting (safe; 12% risk of failure)
Confirm with . or Enter, or press ? or * to list all spells.
Okay, then.
Aiming: Sting (safe; 12% risk of failure)
Press: ? - help, Q - select action, (/) - cycle Shift-Dir - straight line, f/p - Grinder
Aim: Grinder (moderately wounded, 64% to hit)
The sting hits Grinder.
Grinder partially resists.
Grinder is poisoned.
Grinder is moderately wounded.
Grinder hits you!
* * * LOW HITPOINT WARNING * * *
You writhe in agony.
You die...

#..#######..########.#
#..#######..### #.
..............# .
..###########.# .# ..#
####.####.# ..#
#.........# ..#
#.####..#.# .## #
##.#.# .<# #@5.# ..#
#....:.# #.# #.####>.#
..# #.# .# ### #.# #..
###


You could see Grinder (poisoned).

Vanquished Creatures
  2 adders (D:2)
  A dart slug (D:2)
  3 ball pythons
  3 bats
  6 goblins
  A hobgoblin (D:2)
  3 jackals (D:3)
  2 quokkas
  A kobold (D:1)
  4 rats
26 creatures vanquished.

Notes
Turn   | Place    | Note
-------+----------+-------------------------------------------
     0 | D:1      | Tokugawa the Draconian Venom Mage began the quest for the
                  | Orb.
     0 | D:1      | Reached XP level 1. HP: 14/14 MP: 3/3
   248 | D:1      | Reached XP level 2. HP: 21/22 MP: 1/5
   251 | D:1      | Learned a level 2 spell: Poisonous Vapours
   420 | D:2      | Learned a level 1 spell: Kiss of Death
   579 | D:2      | Reached XP level 3. HP: 25/27 MP: 3/6
   612 | D:2      | Found Cuuliav's Antique Armour Boutique.
   616 | D:2      | Identified the +0 ring mail of the Cobbler {rN+ Str-5 SInv}
   968 | D:3      | Identified the +2 buckler "Tecuapto" {rPois}
  1003 | D:3      | Found a bloodstained altar of Trog.
  1108 | D:3      | Noticed Grinder
  1111 | D:3      | Paralysed by Grinder for 4 turns
  1119 | D:3      | Paralysed by Grinder for 3 turns
  1122 | D:3      | Slain by Grinder

Illustrated notes

Levels and vault maps discovered:
D:1:      dpeg_arrival_refuge, layout_rooms, kennysheep_flooded_box
D:2:      layout_basic, serial_glass, glass_columns_c, glass_columns_a,
          serial_shops, shop
D:3:      gammafunk_steamed_eel, layout_basic, lemuel_round_altar, minitemple,
          serial_shops, nicolae_shop_overgrown_old_shop,
          hellmonk_ecumenical_altar_watching_god, roderic_roman_lattice,
          uniq_robin, uniq_grinder

Skill      XL: |  1  2  3 |
---------------+----------+-----
Dodging        | 2 |  2.0
Fighting       | |  0.5
Axes           | |  0.6
Stealth        | |  1.8
Spellcasting   | |  2.2
Conjurations   | |  0.1
Necromancy     | |  0.2
Transmutations | |  1.4
Air Magic      | |  0.6
Poison Magic   | |  3.5
Evocations     | |  0.1

Action                     || total
---------------------------++-------
  Melee: Hand axe          ||    25
         Tailslap          ||     2
   Cast: Sting             ||    27
         Poisonous Vapours ||     1
  Evoke: Wand              ||     4
    Use: Scroll            ||     9
         Potion            ||     1
 Armour: Skin              ||    12
  Dodge: Dodged            ||    25
